 Dungeon Crawl Stone Soup version 0.22.1-2-g9c5b331 (webtiles) character file.

84 Korkiloff the Skirmisher (level 4, -1/36 HPs)
             Began as a Demonspawn Abyssal Knight on Jan 6, 2019.
             Was a Follower of Lugonu.
             Killed by divine providence
             ... invoked by an orc priest
              (16 damage)
             ... on level 4 of the Dungeon.
             The game lasted 00:05:31 (1462 turns).

Korkiloff the Skirmisher (DsAK)                     Turns: 1462, Time: 00:05:32

Health: -1/36      AC: 14    Str: 13    XL:     4   Next: 23%
Magic:  6/6        EV:  3    Int: 18    God:    Lugonu [*.....]
Gold:   128        SH:  0    Dex: 13    Spells: 3/3 levels left

rFire    . . .     SeeInvis .   l - +1 whip (venom)
rCold    . . .     Gourm    .   (no shield)
rNeg     . . .     Faith    .   n - +0 plate armour
rPois    .         Spirit   .   (no helmet)
rElec    .         Reflect  .   (no cloak)
rCorr    .         Harm     +   (no gloves)
MR       .....                  h - +0 pair of boots
Stlth    ..........             k - amulet of harm
HPRegen  0.12/turn              (no ring)
MPRegen  0.10/turn              (no ring)

@: brilliant, flying
A: molten scales 1, nightstalker 1
a: Depart the Abyss, Renounce Religion


You were on level 4 of the Dungeon.
You worshipped Lugonu.
Lugonu was aware of your devotion.
You were hungry.

You visited 1 branch of the dungeon, and saw 4 of its levels.
You visited the Abyss 1 time.

You collected 128 gold pieces.

Inventory:

Hand Weapons
 a - a +1 falchion
 g - a +1 vampiric dagger
 l - a +1 whip of venom (weapon)
 p - a +0 hunting sling
Missiles
 q - 12 arrows
Armour
 b - a +0 leather armour
 h - a +0 pair of boots (worn)
 n - a +0 plate armour (worn)
Jewellery
 k - an amulet of harm (around neck)
Scrolls
 d - 4 scrolls of identify {unknown}
 f - a scroll of enchant weapon {unknown}
 i - 4 scrolls of remove curse {unknown}
 m - a scroll of teleportation {unknown}
 o - a scroll of magic mapping {unknown}
 s - a scroll of immolation {unknown}
Comestibles
 c - a ration


   Skills:
 + Level 3.6 Fighting
 + Level 2.4 Long Blades
 + Level 0.3 Maces & Flails
 + Level 2.6 Armour
 + Level 1.4 Dodging
 + Level 2.8 Invocations


You had 3 spell levels left.
You didn't know any spells.
Your spell library was empty.

Dungeon Overview and Level Annotations

Branches:
Dungeon (4/15)
 Temple: D:4-7

Altars:


Innate Abilities, Weirdness & Mutations

You are partially covered in molten scales. (AC +2)
You are slightly more attuned to the shadows.


Message History

You feel very buoyant.
You fly up into the air.
The orc priest calls upon Beogh to heal the orc priest.
The orc priest's wounds heal themselves!
The orc priest hits you but does no damage.
Okay, then.
Unknown command.
It was a potion of brilliance.
You feel clever all of a sudden.
The orc priest looks more healthy.
The orc priest hits you but does no damage.
Okay, then.
You barely miss the orc priest.
The orc priest is heavily wounded.
The orc priest hits you but does no damage. x2
You hit the orc priest.
The orc priest is poisoned.
The orc priest is almost dead.
The orc priest mumbles some strange prayers to Beogh against you.
Beogh smites you!
You die...

###########..
)...........#
#..(..####### #####..###
##...# ###.# #####
######.######### .?...
.................# ......
..#########..###@##......
#.. ...>.......#oo.......
. ............)..$(....
#########..<.##......
####).....?.. #..#......
##.......# ##..##.# #.# #


You could see 2 orc priests.

Vanquished Creatures
  An orc priest (D:4)
  An adder (D:3)
  2 adder skeletons (D:4)
  2 worms (D:3)
  A dart slug (D:2)
  An orc (D:3)
  A giant cockroach (D:3)
  4 goblins (D:1)
  3 hobgoblins
  2 kobolds (D:1)
  2 ball pythons
  6 bats
  A frilled lizard (D:1)
  6 rats (D:1)
33 creatures vanquished.

Notes
Turn   | Place    | Note
-------+----------+-------------------------------------------
     0 | Abyss:1  | Korkiloff the Demonspawn Abyssal Knight began the quest for
                  | the Orb.
     0 | Abyss:1  | Reached XP level 1. HP: 18/18 MP: 2/2
    14 | D:1      | Escaped the Abyss
   184 | D:1      | Reached * piety under Lugonu
   192 | D:1      | Gained mutation: You are partially covered in molten
                  | scales. (AC +2) [demonic ancestry]
   192 | D:1      | Reached XP level 2. HP: 23/24 MP: 4/4
   881 | D:3      | Reached XP level 3. HP: 14/29 MP: 5/5
   934 | D:3      | Found a faded altar of an unknown god.
  1149 | D:3      | Reached skill level 1 in Dodging
  1440 | D:4      | Gained mutation: You are slightly more attuned to the
                  | shadows. [demonic ancestry]
  1440 | D:4      | Reached XP level 4. HP: 27/36 MP: 6/6
  1462 | D:4      | Killed from afar by an orc priest

Skill      XL: |  1  2  3 |
---------------+----------+-----
Armour         | 2 |  2.6
Long Blades    | 2 |  2.4
Dodging        | 1 |  1.4
Fighting       | |  3.6
Maces & Flails | |  0.3
Invocations    | |  2.8

Action                   |  1- 3 |  4- 6 || total
-------------------------+-------+-------++-------
Melee: Falchion          |    40 |       ||    40
       Whip              |    39 |    12 ||    51
Invok: Depart the Abyss  |     1 |       ||     1
  Use: Potion            |       |     3 ||     3
  Eat: Chunk             |     1 |       ||     1
Armor: Leather armour    |    14 |       ||    14
       Plate armour      |    25 |    13 ||    38
Dodge: Dodged            |    30 |     2 ||    32
       Rpst.: Falchion   |     9 |       ||     9
